 Dungeon Crawl Stone Soup version 0.20.1-1-g8b1a95d (webtiles) character file.

32 Phantomfrettchen the Insei (level 3, -2/23 HPs)
             Began as an Octopode Transmuter on Oct 7, 2017.
             Was an Initiate of Cheibriados.
             Slain by an adder (3 damage)
             ... on level 2 of the Dungeon.
             The game lasted 00:03:38 (1164 turns).

Phantomfrettchen the Insei (Octopode Transmuter)    Turns: 1164, Time: 00:03:38

Health: -2/23      AC:  1    Str: 10    XL:     3   Next: 27%
Magic:  5/6        EV: 13    Int: 21    God:    Cheibriados [......]
Gold:   147        SH:  0    Dex: 14    Spells: 3/6 levels left

rFire    . . .     SeeInvis .     - Unarmed
rCold    . . .     Gourm    .   (no shield)
rNeg     . . .     Faith    .   (helmet restricted)
rPois    .         Spirit   .   (no amulet)
rElec    .         Reflect  .   (no ring)
rCorr    .         Harm     .   (no ring)
MR       .....                  (no ring)
Stlth    ++........             (no ring)
Regen    0.1/turn               (no ring)
MPRegen  0.1/turn               (no ring)
                                (no ring)
                                (no ring)

@: brilliant, appendage, very slow
A: almost no armour, stealthy swim, amphibious, 8 rings, constrict 8, tentacle
spike 3, camouflage 1, gelatinous body 1
a: End Transformation, Bend Time, Renounce Religion


You were on level 2 of the Dungeon.
You worshipped Cheibriados.
Cheibriados was noncommittal.
You were not hungry.
One of your tentacles had a temporary spike.
You visited 1 branch of the dungeon, and saw 2 of its levels.

You collected 147 gold pieces.

Inventory:

Hand Weapons
 j - a +1 short sword of draining
Missiles
 a - 20 arrows
 d - 14 poisoned needles
 k - 72 stones (quivered)
Jewellery
 o - an uncursed ring of see invisible {unknown}
Scrolls
 e - a scroll of random uselessness {unknown}
 h - a scroll of fear {unknown}
 l - a scroll of fog {unknown}
Books
 b - a book of Changes

   Spells                             Type                      Level
   a - Beastly Appendage              Transmutation                1
   b - Sticks to Snakes               Transmutation                2
   c - Spider Form                    Transmutation/Poison         3
   d - Ice Form                       Ice/Transmutation            4
   e - Blade Hands                    Transmutation                5
Comestibles
 c - 2 bread rations
 f - 3 chunks of flesh
 g - a royal jelly
 n - a meat ration


   Skills:
 + Level 1.0 Fighting
 + Level 2.1 Dodging
 + Level 0.4 Stealth
 + Level 3.7 Unarmed Combat
 + Level 2.4 Spellcasting
 + Level 2.1 Transmutations


You had 3 spell levels left.
You knew the following spells:

 Your Spells              Type           Power        Failure   Level  Hunger
a - Beastly Appendage     Tmut           ###...       1%          1    None
b - Sticks to Snakes      Tmut           ###.....     1%          2    ##.....


Dungeon Overview and Level Annotations

Branches:
Dungeon (2/15)

Altars:
Cheibriados

Annotations:
D:2 Robin


Innate Abilities, Weirdness & Mutations

You cannot wear most types of armour.
You are very stealthy in the water. (Stealth+)
You are amphibious.
You can wear up to eight rings at the same time.
You can use your tentacles to constrict eight enemies at once.
Your skin changes colour to match your surroundings (Stealth+).
Your rubbery body absorbs attacks. (AC +1, EV +1)
One of your tentacles bears a large vicious spike.


Message History

Confirm with . or Enter, or press ? or * to list all spells.
One of your tentacles grows a vicious spike.
The adder barely misses you.
You closely miss the goblin. Your grab misses the goblin.
You pierce the goblin.
You kill the goblin!
Cheibriados appreciates the change of pace.
The adder bites you. The adder bites you but does no damage.
The leopard gecko bites you but does no damage.
The leopard gecko closely misses you. The adder closely misses you.
The adder bites you.
* * * LOW HITPOINT WARNING * * *
The leopard gecko bites you.
* * * LOW HITPOINT WARNING * * *
It was a potion of brilliance.
You feel clever all of a sudden. The adder bites you.
You die...

##†(K...#......
..((......###.# ##
......<##K..#.##..
...(..............
.######?....#.## .
#####.)..## # . #
##..Kg###.#...
##g.l......#
###S@.....#
###.....# #....#
....# ...# ...#
###


You could see an adder, a leopard gecko, 2 goblins and 2 kobolds.

Vanquished Creatures
  A dart slug (D:1)
  2 leopard geckos
  A bat (D:1)
  2 giant cockroaches (D:1)
  7 hobgoblins (D:1)
  A frilled lizard (D:1)
  5 goblins
  2 kobolds
  4 rats
25 creatures vanquished.

Notes
Turn   | Place    | Note
-------+----------+-------------------------------------------
     0 | D:1      | Phantomfrettchen the Octopode Transmuter began the quest for the Orb.
     0 | D:1      | Reached XP level 1. HP: 13/13 MP: 3/3
     3 | D:1      | Noticed an electric eel
     3 | D:1      | Noticed an electric eel
   100 | D:1      | Reached XP level 2. HP: 4/18 MP: 3/5
   226 | D:1      | Learned a level 2 spell: Sticks to Snakes
   394 | D:1      | Found a snail-covered altar of Cheibriados.
   428 | D:1      | Became a worshipper of Cheibriados the Contemplative
   923 | D:1      | Reached XP level 3. HP: 23/23 MP: 6/6
  1143 | D:2      | Noticed Robin
  1163 | D:2      | HP: 1/23 [leopard gecko (3)]
  1164 | D:2      | Slain by an adder

Action                   || total
-------------------------++-------
Melee: Unarmed           ||    35
       Constrict         ||    16
       Kick              ||     4
       Tentacles         ||     4
       Short sword       ||     6
       Punch             ||     1
 Cast: Beastly Appendage ||    10
  Use: Potion            ||     2
 Stab: Sleeping          ||     4
  Eat: Chunk             ||     1
Armor: Skin              ||     7
Dodge: Dodged            ||    32
